 Dungeon Sprint DCSS version 0.21-a0-351-g38363bb (webtiles) character file.

4389 Kidiri the Fighter (level 10, -5/151 HPs)
             Began as a Black Draconian Gladiator on Oct 9, 2017.
             Was the Champion of Trog.
             Slain by a spriggan rider
             ... wielding a +0 spear
              (24 damage)
             ... in the Dungeon (Sprint V: "Ziggurat Sprint").
             The game lasted 00:05:54 (888 turns).

Kidiri the Fighter (Black Draconian Gladiator)       Turns: 888, Time: 00:05:54

Health: -5/151     AC:  8    Str: 36    XL:     10   Next: 13%
Magic:  16/16      EV: 19    Int:  8    God:    Trog [******]
Gold:   0          SH:  0    Dex: 14    Spells: 9/9 levels left

rFire    . . .     SeeInvis .   L - +10 dark maul {crush}
rCold    . . .     Gourm    .   (shield currently unavailable)
rNeg     . . .     Faith    .   (armour unavailable)
rPois    .         Spirit   .   b - +0 hat
rElec    +         Reflect  .   O - +0 cloak
rCorr    .         Harm     .   (no gloves)
MR       .....     NoTele   +   (no boots)
Stlth    ..........             (no amulet)
HPRegen  0.35/turn              C - +6 ring of strength
MPRegen  0.15/turn              D - +6 ring of strength

@: berserking, very quick
A: breathe lightning, unfitting armour, big wings, deterioration 1, electricity
resistance, cold-blooded, MP-powered wands, AC +7
a: Breathe Lightning, Fly, Berserk, Trog's Hand, Brothers in Arms, Burn
Spellbooks, Renounce Religion


You were in the Dungeon.
You worshipped Trog.
Trog was exalted by your worship.
You were hungry.

You visited 1 branch

Inventory:

Hand Weapons
 I - the +7 great mace "Firestarter" {inner flame, rF++}
   (You found it in the Dungeon)

   It has been specially enchanted to burn those struck by it, causing extra
   injury to most foes and up to half again as much damage against particularly
   susceptible opponents.
   It greatly protects you from fire.
 J - the +0 mace of Variability {chaos}
   (You found it in the Dungeon)

   Each time it hits an enemy it has a different, random effect.
 K - the +6 shillelagh "Devastator" {shatter}
   (You found it in the Dungeon)
 L - the +10 dark maul (weapon) {crush}
   (You found it in the Dungeon)

   It inflicts extra damage upon your enemies.
Missiles
 c - 3 throwing nets (quivered)
 n - 2 javelins of returning
 M - 4 curare-tipped needles
 N - 3 steel javelins
Armour
 b - a +0 hat (worn)
 O - a +0 cloak (worn)
Jewellery
 y - a +6 ring of dexterity
 z - a +6 ring of dexterity
 A - a +6 ring of intelligence
 B - a +6 ring of intelligence
 C - a +6 ring of strength (left hand)
 D - a +6 ring of strength (right hand)
Wands
 E - a wand of disintegration (7/24)
 F - a wand of iceblast (5/15)
 G - a wand of lightning (5/15)
 H - a wand of acid (5/15)
Scrolls
 j - 4 scrolls of blinking
 q - 3 scrolls of recharging
 r - 7 scrolls of fog
 s - a scroll of holy word
 t - 5 scrolls of identify
 u - 5 scrolls of remove curse
 v - 2 scrolls of fear
Potions
 e - 10 potions of curing
 f - 14 potions of heal wounds
 g - 7 potions of haste
 h - 7 potions of magic
 i - 3 potions of berserk rage
 k - 2 potions of brilliance
 l - 2 potions of invisibility
 m - 4 potions of resistance
 o - 5 potions of agility
 p - 5 potions of might
Comestibles
 a - 7 chunks of flesh
 d - 5 bread rations
 w - 42 fruits
 x - 4 meat rations


   Skills:
 * Level 13.1 Fighting
 * Level 12.3 Maces & Flails
 + Level 8.0 Throwing
 * Level 11.4 Dodging
 + Level 8.6 Evocations


You had 9 spell levels left.
You didn't know any spells.

Dungeon Overview and Level Annotations

Branches:
Dungeon (1/1)

Altars:
Ashenzari
Cheibriados
Dithmenos
Elyvilon
Fedhas
Gozag
Hepliaklqana
Kikubaaqudgha
Makhleb
Nemelex Xobeh
Okawaru
Qazlal
Ru
Sif Muna
Trog
Uskayaw
Vehumet
Wu Jian
Xom
Yredelemnul
Zin
The Shining One
Beogh
Jiyva
Lugonu


Innate Abilities, Weirdness & Mutations

You can breathe wild blasts of lightning.
Your glossy black scales are hard. (AC +7)
You cannot fit into any form of body armour.
You are resistant to electric shocks. (rElec)
You are cold-blooded and may be slowed by cold attacks.
Your large and strong wings let you fly indefinitely.
Your body sometimes deteriorates upon taking damage.
You expend magic power (3 MP) to strengthen your wands.


Message History

You feel the power of Trog in you as your rage grows.
You kill the black bear!
Trog accepts your kill.
Your Throwing skill increases to level 8!
The wolf completely misses you. The spriggan rider closely misses you.
The wolf bites you.
* * * LOW HITPOINT WARNING * * *
The black bear closely misses you.
The black bear claws you but does no damage.
The black bear misses you. The spriggan rider closely misses you.
Unknown command.
You hammer the black bear like a gong!!!!
You kill the black bear!
Trog accepts your kill. Something appears at your feet!
Trog grants you ammunition!
You have got your breath back.
The wolf bites you but does no damage. The wolf barely misses you.
The spriggan rider hits you from afar with a spear!!
You die...

▓..!)...▓
▓..}[[..▓
▓.......▓
▓.......▓
▓.......▓
▓...i...▓
▓.▓.h)▓.▓
▓...©@..▓
▓▓▓▓▓▓▓▓▓


You could see a spriggan rider and a wolf.

Vanquished Creatures
  3 two-headed ogres (D)
  3 ugly things (D)
  Sigmund (D)
  2 spriggans (D)
  A yak (D)
  A porcupine (D)
  Duvessa (D)
  2 black bears (D)
  An ogre (D)
  Blork the orc (D)
  A scorpion (shapeshifter) (D)
  Dowan (D)
  Crazy Yiuf (D)
  Jessica (D)
  An adder (D)
  2 river rats (D)
  3 orcs (D)
  A ball python (D)
  A jackal (D)
28 creatures vanquished.

Notes
Turn   | Place    | Note
-------+----------+-------------------------------------------
     0 | D        | Found the +6 Majin-Bo {vamp, Archmagi MP+6 Int+6}
     0 | D        | Found the +7 great mace "Firestarter" {inner flame, rF++}
     0 | D        | Kidiri the Draconian Gladiator began the quest for the Orb.
     0 | D        | Reached XP level 1. HP: 17/17 MP: 1/1
     0 | D        | Found a deep blue altar of Sif Muna.
     0 | D        | Found a bloodstained altar of Trog.
     0 | D        | Found a sacrificial altar of Ru.
     0 | D        | Found a stormy altar of Qazlal.
     0 | D        | Found an iron altar of Okawaru.
    12 | D        | Became a worshipper of Trog the Wrathful
    21 | D        | Found a sparkling altar of Nemelex Xobeh.
    22 | D        | Found an ancient bone altar of Kikubaaqudgha.
    22 | D        | Found a transporter.
    22 | D        | Found a corrupted altar of Lugonu.
    22 | D        | Found a viscous altar of Jiyva.
    22 | D        | Found a burning altar of Makhleb.
    22 | D        | Found a hazy altar of Hepliaklqana.
    22 | D        | Found an opulent altar of Gozag.
    23 | D        | Found a blossoming altar of Fedhas.
    42 | D        | Found the +9 heavy crossbow "Sniper" {velocity, Acc+∞ SInv}
    42 | D        | Found the +10 dark maul {crush}
    42 | D        | Found the +15 Maxwell's patent armour {-Cast -Tele rElec MR+ rCorr}
    42 | D        | Found the +18 shield of the Gong {rElec rN+ MR+ EV-5}
    42 | D        | Found the cursed +14 obsidian axe {chop, +Fly SInv *Curse}
    43 | D        | Found the +6 shillelagh "Devastator" {shatter}
    43 | D        | Found the +11 plutonium sword {*Contam Stlth-}
    43 | D        | Found the +8 lance "Wyrmbane" {slay drac, rPois rF+ rC+ AC+3}
    43 | D        | Found the +9 sword of Zonguldrok {reap}
    43 | D        | Found the cursed +13 scythe of Curses {drain, *Curse}
    43 | D        | Found the +0 sword of Power
    43 | D        | Found the +0 mace of Variability {chaos}
    43 | D        | Found the +7 Singing Sword
    43 | D        | Found the +7 longbow "Piercer" {penet, EV-2}
    84 | D        | Reached skill level 4 in Fighting
    84 | D        | Reached XP level 2. HP: 28/28 MP: 1/3
   114 | D        | Entered arena 2.
   114 | D        | Found a transporter.
   126 | D        | Entered arena 3.
   126 | D        | Found a transporter.
   129 | D        | Reached * piety under Trog
   130 | D        | Reached skill level 5 in Maces & Flails
   219 | D        | Entered arena 4.
   219 | D        | Noticed a green ugly thing
   219 | D        | Noticed a white ugly thing
   219 | D        | Noticed a steam dragon
   219 | D        | Noticed a cyan ugly thing
   219 | D        | Found a transporter.
   222 | D        | Noticed a scorpion
   222 | D        | a steam dragon changed into a scorpion
   224 | D        | Killed a green ugly thing
   224 | D        | Reached ** piety under Trog
   224 | D        | Reached skill level 8 in Fighting
   224 | D        | Reached XP level 3. HP: 40/40 MP: 3/6
   224 | D        | Reached XP level 4. HP: 48/48 MP: 3/7
   224 | D        | Reached XP level 5. HP: 53/53 MP: 3/8
   224 | D        | Reached XP level 6. HP: 61/61 MP: 3/9
   225 | D        | Reached skill level 5 in Throwing
   225 | D        | Reached skill level 5 in Evocations
   226 | D        | Killed a cyan ugly thing
   226 | D        | Reached skill level 9 in Fighting
   226 | D        | Your scales start taking on a glossy black colour.
   226 | D        | Reached XP level 7. HP: 70/70 MP: 3/11
   226 | D        | Gained mutation: You are resistant to electric shocks. (rElec) [Black Draconian growth]
   227 | D        | Killed a green ugly thing
   227 | D        | Reached skill level 10 in Fighting
   227 | D        | Reached XP level 8. HP: 80/80 MP: 3/12
   234 | D        | Gained mutation: You expend magic power (3 MP) to strengthen your wands. [mutagenic meat]
   235 | D        | Gained mutation: You are clumsy. (Dex -2) [mutagenic meat]
   237 | D        | Gained mutation: Your body sometimes deteriorates upon taking damage. [mutagenic meat]
   238 | D        | Lost mutation: You are clumsy. (Dex -2) [mutagenic meat]
   239 | D        | Gained mutation: Your large and strong wings let you fly indefinitely. [mutagenic meat]
   588 | D        | Entered arena 5.
   588 | D        | Noticed a two-headed ogre
   588 | D        | Noticed a two-headed ogre
   588 | D        | Noticed a two-headed ogre
   588 | D        | Found a transporter.
   589 | D        | Found the +5 pair of quick blades "Gyre" and "Gimble" {pierce, Dex-3}
   590 | D        | Killed a two-headed ogre
   590 | D        | Reached *** piety under Trog
   590 | D        | Reached skill level 11 in Fighting
   590 | D        | Reached skill level 10 in Maces & Flails
   591 | D        | Killed a two-headed ogre
   591 | D        | Reached skill level 10 in Dodging
   591 | D        | Reached XP level 9. HP: 90/90 MP: 12/14
   593 | D        | Killed a two-headed ogre
   593 | D        | Reached skill level 12 in Fighting
   725 | D        | Entered arena 6.
   725 | D        | Found a transporter.
   727 | D        | Reached **** piety under Trog
   728 | D        | Received a gift from Trog
   728 | D        | Reached ***** piety under Trog
   795 | D        | Entered arena 7.
   795 | D        | Noticed Sigmund
   795 | D        | Noticed Jessica
   795 | D        | Noticed Blork the orc
   795 | D        | Noticed Crazy Yiuf
   795 | D        | Noticed Dowan
   795 | D        | Noticed Duvessa
   796 | D        | Found the +4 Vampire's Tooth {vamp}
   796 | D        | Found a transporter.
   797 | D        | Killed Sigmund
   797 | D        | Received a gift from Trog
   797 | D        | Killed Dowan
   797 | D        | Received a gift from Trog
   797 | D        | Killed Blork the orc
   799 | D        | Killed Duvessa
   800 | D        | Killed Jessica
   800 | D        | Reached XP level 10. HP: 94/100 MP: 16/16
   801 | D        | Killed Crazy Yiuf
   807 | D        | Received a gift from Trog
   877 | D        | Entered arena 8.
   877 | D        | Noticed a spriggan rider
   878 | D        | Received a gift from Trog
   878 | D        | Reached ****** piety under Trog
   886 | D        | Reached skill level 13 in Fighting
   888 | D        | Received a gift from Trog
   888 | D        | Slain by a spriggan rider

Vault maps used:
D:        sprint_v

Skill      XL: |  1  2  3  4  5  6  7  8  9 10 |
---------------+-------------------------------+-----
Fighting       | 4 8 9 10 11 12 13 | 13.1
Maces & Flails | 4 7 9 11 12 | 12.3
Throwing       | 2 4 5 6 7 8 |  8.0
Dodging        | 4 7 8 10 11 | 11.4
Evocations     | 2 4 5 6 7 8 |  8.6

Action                   |  1- 3 |  4- 6 |  7- 9 | 10-12 || total
-------------------------+-------+-------+-------+-------++-------
Melee: Maul              |     7 |     2 |     8 |     8 ||    25
Invok: Berserk           |     1 |       |       |     1 ||     2
       Burn Spellbooks   |       |       |     1 |     2 ||     3
 Abil: Breathe Lightning |       |       |     2 |     1 ||     3
  Use: Potion            |     2 |       |       |       ||     2
 Stab: Sleeping          |     2 |       |       |       ||     2
  Eat: Chunk             |       |       |     8 |       ||     8
Armor: Skin              |     1 |       |       |     8 ||     9
Dodge: Dodged            |     7 |     7 |     6 |    44 ||    64

Table legend:
 A = Spawn XP
 B = Non-spawn XP
 C = Spawn XP percentage of total XP
 D = Spawn monster count
 E = Non-spawn monster count
 F = Spawn count percentage of total count
 G = Total turns spent on level
                    A         B        C        D         E        F      G
               +---------+---------+-------+---------+---------+-------+---------
         Total |       0 |    6258 |   0.0 |       0 |      28 |   0.0 |   888
               +---------+---------+-------+---------+---------+-------+---------
             D |       0 |    6258 |   0.0 |       0 |      28 |   0.0 |   888
               +---------+---------+-------+---------+---------+-------+---------
